 Dungeon Crawl Stone Soup version 0.31-a0-986-g5e6e4ef867 (webtiles) character file.

Game seed: 1615653865083334396

33 Curundu the Trooper (level 3, 0/33 HPs)
             Began as a Draconian Berserker on Nov 9, 2023.
             Was a Believer of Trog.
             Slain by a worm (9 damage)
             ... on level 2 of the Dungeon.
             The game lasted 00:06:25 (798 turns).

Curundu the Trooper (Draconian Berserker)            Turns: 798, Time: 00:06:25

Health: 0/33       AC:  6    Str: 19    XL:     3   Next: 12%
Magic:  3/3        EV:  9    Int:  7    God:    Trog [**....]
Gold:   86         SH:  0    Dex: 12    Spells: 2/2 levels left

rFire   . . .        a - +0 falchion
rCold   . . .        (no shield)
rNeg    . . .        (body armour unavailable)
rPois   .            (helmet restricted)
rElec   .            d - +0 cloak
rCorr   .            (no gloves)
SInv    .            (no boots)
Will    .....        c - amulet of faith
Stlth   +            (no ring)
HPRegen 0.25/turn    (no ring)
MPRegen 0.08/turn

%: faith
@: constricted
A: AC +5, unfitting armour, cold-blooded
a: Renounce Religion, Berserk, Trog's Hand


You were on level 2 of the Dungeon.
You worshipped Trog.
Trog was pleased with you.
You visited 1 branch of the dungeon, and saw 2 of its levels.

You collected 86 gold pieces.

Inventory:

Hand Weapons
 a - a +0 falchion (weapon)
Armour
 d - a +0 cloak (worn)
Jewellery
 c - an amulet of faith (around neck)
 f - an amulet of magic regeneration
 h - an amulet of reflection
Scrolls
 e - a scroll of vulnerability {unknown}
 i - a scroll of identify {unknown}
Potions
 b - a potion of attraction {unknown}


   Skills:
 + Level 3.6 Fighting
 + Level 3.6 Long Blades
 + Level 3.1 Dodging


You had 2 spell levels left.
You didn't know any spells.
Your spell library was empty.

Dungeon Overview and Level Annotations

Branches:
Dungeon (2/15)

Altars:


Innate Abilities, Weirdness & Mutations

Your plain brown scales are hard. (AC +5)
You cannot fit into any form of body armour.
You are cold-blooded and may be slowed by cold attacks.


Message History

The ball python constricts you. The endoplasm barely misses you.
The ball python barely misses you. The ball python constricts you.
The worm bites you. The endoplasm barely misses you.
The bat hits you but does no damage.
You hit the endoplasm.
You kill the endoplasm!
Trog accepts your kill. The bat barely misses you.
The ball python closely misses you. The ball python constricts you.
The ball python bites you but does no damage.
The ball python constricts you. The worm bites you but does no damage.
You slash the kobold!
You kill the kobold!
Trog accepts your kill. The bat barely misses you. The bat hits you.
The bat hits you but does no damage. The ball python closely misses you.
The ball python constricts you. The ball python closely misses you.
The ball python constricts you. The worm barely misses you.
You hit the worm but do no damage.
The worm is heavily wounded.
The bat hits you. The ball python closely misses you.
The ball python constricts you. The worm bites you but does no damage.
The ball python bites you but does no damage.
The ball python constricts you.
You slash the worm!
The worm is severely wounded.
The bat closely misses you. The bat hits you but does no damage. x2
The ball python bites you but does no damage.
The ball python constricts you. The ball python closely misses you.
The ball python constricts you. The worm bites you.
You hit the worm.
The worm is severely wounded.
You feel yourself speed up. The bat hits you but does no damage.
The bat hits you. The ball python closely misses you.
The ball python constricts you. The rat bites you but does no damage.
The ball python closely misses you. The ball python constricts you.
* * * LOW HITPOINT WARNING * * *
The worm bites you!
You die...

## #.... ... .? ..
..##. ..# ....# K.
#... #.## #.. ..#
...##..###.#
#....w@r..#
#....bS##.......#
...####....$......
# ##..........
#..........
#..........
...........
##..........


You could see a worm, a bat, a ball python and a rat.

Vanquished Creatures
  2 dart slugs (D:1)
  3 ball pythons (D:1)
  4 endoplasms
  2 giant cockroaches (D:1)
  4 goblins (D:1)
  A quokka (D:1)
  3 bats (D:1)
  5 kobolds
  3 rats (D:1)
27 creatures vanquished.

Notes
Turn   | Place    | Note
-------+----------+-------------------------------------------
     0 | D:1      | Curundu the Draconian Berserker began the quest for the
                  | Orb.
     0 | D:1      | Reached XP level 1. HP: 19/19 MP: 1/1
   175 | D:1      | Reached XP level 2. HP: 26/26 MP: 2/2
   621 | D:1      | Reached ** piety under Trog
   647 | D:1      | Reached XP level 3. HP: 33/33 MP: 3/3
   798 | D:2      | Slain by a worm

Illustrated notes

Levels and vault maps discovered:
D:1:      ncdulo_wetmaze, layout_loops_cross
D:2:      layout_rooms, serial_bayou_lagoon_a

Skill      XL: |  1  2 |
---------------+-------+-----
Dodging        | 3 |  3.1
Fighting       | |  3.6
Long Blades    | |  3.6

Action                     || total
---------------------------++-------
  Melee: Falchion          ||    74
         Tailslap          ||     9
         Punch             ||     2
    Use: Scroll            ||     1
   Stab: Sleeping          ||     1
 Armour: Skin              ||    61
  Dodge: Dodged            ||    74

Table legend: (Time is in decaauts)
 A = Elapsed time spent in this place.
 B = Non-inter-level travel time spent in this place.
 C = Inter-level travel time spent in this place.
 D = Time resting spent in this place.
 E = Time spent auto-exploring this place.
 F = Levels seen in this place.
 G = Mean time per level.
                   A        B        C        D        E       F      G
               +--------+--------+--------+--------+--------+-----+--------+
         Total |    818 |    818 |      0 |     22 |      0 |   2 |  409.0 |
       Dungeon |    818 |    818 |      0 |     22 |      0 |   2 |  409.0 |
               +--------+--------+--------+--------+--------+-----+--------+

Top non-repeatable levels by time:
     D:1: 785 daAuts
     D:2: 33 daAuts
